 Dungeon Crawl Stone Soup version 0.31.0-9-g3a7656b989 (webtiles) character file.

Game seed: 2621991327835065669

155087 FinalFate the Executioner (level 16, -5/161 HPs)
             Began as a Minotaur Berserker on Jan 30, 2024.
             Was the Champion of Trog.
             Succumbed to poison (poison gas)
             ... on level 4 of the Swamp.
             The game lasted 01:03:25 (18708 turns).

FinalFate the Executioner (Minotaur Berserker)     Turns: 18708, Time: 01:03:26

Health: -5/161     AC: 45    Str: 30    XL:     16   Next: 79%
Magic:  15/15      EV: 17    Int:  4    God:    Trog [******]
Gold:   1567       SH:  0    Dex: 24    Spells: 15/15 levels left

rFire   . . .        F - +4 executioner's axe (protect)
rCold   . . .        (shield currently unavailable)
rNeg    . . .        p - +15 Maxwell's patent armour {-Cast -Tele rElec Will+ rCorr}
rPois   .            E - +2 hat
rElec   +            N - +2 cloak of Lightning Storm {-Cast rElec rCorr Dex+5}
rCorr   +            y - +1 pair of gloves
SInv    .            d - +3 pair of seven-league boots {Rampage+∞}
Will    ++++.        k - amulet of Grontol {*Slow +Blink Regen+ Dex+3} Stlth
                     w - +6 ring of dexterity
HPRegen 2.26/turn    B - +4 ring of slaying
MPRegen 0.14/turn

%: no teleportation, no spellcasting, slow self (1%), rampage+∞
@: confused, lethally poisoned (-5 -> -27), ambrosia-drunk, strong-willed,
regenerating
A: horns 2, retaliatory headbutt
}: 1/15 runes: gossamer
a: Renounce Religion, Evoke Blink, Berserk, Trog's Hand, Brothers in Arms


You were on level 4 of the Swamp.
You worshipped Trog.
Trog was exalted by your worship.
You visited 4 branches of the dungeon, and saw 23 of its levels.
You visited 1 bazaar.
You also visited: Ossuary, Bailey and Gauntlet.

You collected 1882 gold pieces.
You spent 315 gold pieces at shops.

Inventory:

Hand Weapons
 F - a +4 executioner's axe of protection (weapon)
 K - a +9 battleaxe of venom
Armour
 d - the +3 pair of seven-league boots (worn) {Rampage+∞}
   (You found it on level 4 of the Spider Nest)

   Rampage+∞: When moving toward enemies, its wearer moves as far as possible,
   alerting their target en route.
 p - the +15 Maxwell's patent armour (worn) {-Cast -Tele rElec Will+ rCorr}
   (You acquired it in a Gauntlet)

   rElec:     It insulates you from electricity.
   Will+:     It increases your willpower.
   -Cast:     It prevents spellcasting.
   -Tele:     It prevents most forms of teleportation.
   rCorr:     It protects you from acid and corrosion.
 y - a +1 pair of gloves (worn)
 E - a +2 hat (worn)
 N - the +2 cloak of Lightning Storm (worn) {-Cast rElec rCorr Dex+5}
   (You found it in a Gauntlet)

   Dex+5:     It affects your dexterity (+5).
   rElec:     It insulates you from electricity.
   -Cast:     It prevents spellcasting.
   rCorr:     It protects you from acid and corrosion.
Jewellery
 k - the amulet of Grontol (around neck) {*Slow +Blink Regen+ Dex+3}
   (You found it on level 2 of the Dungeon)

   [amulet of regeneration]

   Dex+3:     It affects your dexterity (+3).
   +Blink:    It lets you blink.
   Regen+:    It increases your rate of health regeneration.
   *Slow:     It may slow you when you take damage.
 v - a ring of see invisible
 w - a +6 ring of dexterity (left hand)
 B - a +4 ring of slaying (right hand)
 S - a +4 ring of protection
Wands
 c - a wand of flame (27)
 q - a wand of polymorph (12)
 z - a wand of digging (6)
 C - a wand of paralysis (20)
 D - a wand of iceblast (17)
 G - a wand of mindburst (14)
 I - a wand of quicksilver (6)
Scrolls
 g - a scroll of vulnerability
 h - a scroll of revelation
 j - 2 scrolls of blinking
 n - 14 scrolls of teleportation
 o - 9 scrolls of identify
 s - a scroll of enchant armour
 J - 4 scrolls of fear
 L - a scroll of butterflies
 O - a scroll of fog
 P - 3 scrolls of immolation
Potions
 e - 5 potions of magic
 f - a potion of experience {unknown}
 i - 2 potions of invisibility
 l - 6 potions of might {unknown}
 m - 2 potions of lignification
 r - 6 potions of mutation {unknown}
 t - 3 potions of berserk rage
 u - 5 potions of degeneration {unknown}
 x - 5 potions of attraction {unknown}
 A - a potion of heal wounds
 H - 4 potions of haste {unknown}
 M - a potion of enlightenment {unknown}
 Q - 2 potions of resistance {unknown}
 U - 3 potions of brilliance {unknown}
Miscellaneous
 W - a phial of floods


   Skills:
 * Level 19.6 Fighting
 + Level 22.8 Axes
 * Level 16.5 Armour
 * Level 12.4 Dodging


You had 15 spell levels left.
You didn't know any spells.
Your spell library was empty.

Dungeon Overview and Level Annotations

Branches:
Dungeon (13/15)            Temple (0/1) D:5            Lair (2/5) D:9
  Swamp (4/4) Lair:2       Spider (4/4) Lair:2          Orc (0/2) D:9
 Vaults (0/5) D:13        Ossuary (visited)          Bailey (visited)
Gauntlet (visited)

Altars:
Ashenzari
Dithmenos
Fedhas
Hepliaklqana
Nemelex Xobeh
Qazlal
Ru
Sif Muna
Trog
Vehumet
Wu Jian
Yredelemnul
Zin

Shops:
D:5 [((

Portals:
Volcano: Lair:1


Innate Abilities, Weirdness & Mutations

You have a pair of horns on your head.
You reflexively headbutt those who attack you in melee.


Message History

Your deep troll is engulfed in poison gas.
Your deep troll looks even sicker.
You see here a hydra corpse.
You enter the shallow water.
Moving in this stuff is going to be slow.
You are engulfed in poison gas.
You are more poisoned.
* * * LOW HITPOINT WARNING * * *
You feel extremely sick.
Your deep troll is engulfed in poison gas.
Your deep troll looks even sicker.
Your deep troll is engulfed in poison gas.
Your deep troll looks as sick as possible!
You are engulfed in poison gas.
You are more poisoned.
* * * LOW HITPOINT WARNING * * *
x2 You feel extremely sick.
Your deep troll is engulfed in poison gas.
Your deep troll looks as sick as possible!
Your deep troll is engulfed in poison gas.
Your deep troll looks as sick as possible!
You are confused.
You feel invigorated.
You are engulfed in poison gas.
You are lethally poisoned!
* * * LOW HITPOINT WARNING * * *
x2 You feel extremely sick.
Your deep troll is engulfed in poison gas.
Your deep troll looks as sick as possible!
Your deep troll is engulfed in poison gas.
Your deep troll looks as sick as possible!
Okay, then.
You're standing in a cloud of poison gas!
Okay, then.
You're too confused to move!
You are engulfed in poison gas.
You are more poisoned.
* * * LOW HITPOINT WARNING * * *
x2 You feel extremely sick.
Your deep troll is engulfed in poison gas.
Your deep troll looks as sick as possible!
You die...

♣~.♣♣♣~♣♣♣♣♣ ♣
~~.~.♣...~♣.♣♣ ~♣♣
..~..~...~.~. ..~♣
...~~.......♣♣.~~♣
~~.~~.......~~~~..
~~~..~.~..........
.§§~..~~..)~~..~.♣
.~~♣.~°.@~...♣
~~.....~~[).~♣
..~.~.°†T~.~♣♣
.~~...~♣.†§♣♣
~....°.[.~?♣ ♣♣♣
~.~....♣♣.~♣♣ ♣♣.~♣
~...~...~..~♣♣♣...♣
..~.~~~.♣~.~.♣♣~~~♣♣.~
.~.~...~....~♣.~~~.~.~


You could see a friendly deep troll (summoned, berserk, extremely poisoned).

Vanquished Creatures
  Arachne (Spider:4)
  Jorgrun (D:12)
  The ghost of MacCMillion the Warrior, an adept DjAl of Makhleb (Spider:1)
  Asterion (Spider:2)
  Agnes (Spider:2)
  Kirke (D:12)
  A thorn hunter (Swamp:3)
  Roxanne (Spider:3)
  6 emperor scorpions
  7 ghost moths
  4 broodmothers
  A minotaur (Gauntlet)
  2 bunyips
  Azrael (D:12)
  3 spark wasps
  The ghost of crabbadon the Fighter, a journeyman OnSh of Qazlal (D:9)
  3 entropy weavers
  A shambling mangrove (Swamp:4)
  Erolcha (D:12)
  4 vault guards (D:13)
  A ghost crab (Swamp:3)
  A centaur warrior (D:13)
  5 hydras
  2 death knights
  3 alligators
  The ghost of Skimidon the Fighter, a novice AtCj of Gozag (D:10)
  A spriggan air mage (Swamp:4)
  2 radroaches
  10 two-headed ogres
  3 boulder beetles
  3 jorogumos
  A tengu warrior (D:10)
  8 demonic crawlers
  8 pharaoh ants
  9 arcanists
  3 swamp dragons
  A goliath frog (Swamp:3)
  2 spriggan druids
  3 bog bodies
  7 orb spiders
  2 phantasmal warriors (D:11)
  2 deep elf pyromancers (D:11)
  3 steelbarb worms
  4 manticores
  6 moths of wrath
  A cyclops (D:13)
  17 wolf spiders
  3 ugly things
  A will-o-the-wisp (Swamp:3)
  Maurice (D:8)
  A meliai (Lair:2)
  A black mamba (Lair:2)
  A gargoyle (D:11)
  An unseen horror (D:11)
  An ice statue (Gauntlet)
  3 torpor snails (Spider:4)
  3 cane toads
  2 rime drakes (Gauntlet)
  A freezing wraith (D:12)
  A kobold demonologist (D:10)
  5 komodo dragons
  A tengu conjurer (D:13)
  6 trolls
  A bloated husk (Swamp:4)
  A queen bee (Gauntlet)
  8 hornets
  5 tyrant leeches
  20 tarantellas
  5 blink frogs (Lair:2)
  A raiju (Gauntlet)
  8 slime creatures
  2 centaur simulacra (Gauntlet)
  17 jumping spiders
  3 wraiths
  4 spriggans
  7 humans (D:13)
  23 culicivoras
  19 yaks
  6 fire elementals
  6 hogs (D:12)
  72 redbacks
  18 vampire mosquitoes
  6 steam dragons
  A basilisk (D:10)
  11 swamp worms
  3 hell hounds (D:12)
  9 water moccasins
  A meliai simulacrum (Gauntlet)
  4 orc warriors
  An ice beast (D:6)
  A sky beast (D:6)
  4 swamp drakes
  6 ogres
  2 black bears
  6 centaurs
  4 kobold brigands
  2 elf zombies (Ossuary)
  4 bullfrogs
  8 necrophages
  2 gnoll sergeants
  A scorpion (D:6)
  A hornet simulacrum (Gauntlet)
  8 wights
  12 killer bees
  2 electric eels (Lair:2)
  A bombardier beetle (D:6)
  3 howler monkeys
  3 hounds
  3 orc priests
  3 human zombies (Ossuary)
  2 gnoll boudas (D:8)
  3 iguanas
  A scorpion zombie (D:4)
  13 orc wizards
  A hound zombie (Ossuary)
  2 mummies (Ossuary)
  15 adders
  19 gnolls
  A shadow imp (D:6)
  2 white imps (D:6)
  6 ufetubi
  7 adder zombies
  3 ribbon worms
  A ribbon worm (shapeshifter) (D:12)
  35 orcs
  6 endoplasms
  6 giant cockroaches
  6 gnoll zombies (Ossuary)
  18 goblins
  9 hobgoblins
  3 jackals (D:3)
  18 kobolds
  2 quokkas
  7 ball pythons
  4 bats
  4 frilled lizards
  6 jackal zombies (Ossuary)
  4 kobold zombies (Ossuary)
  9 orc zombies (Ossuary)
  A quokka zombie (D:4)
  6 rats
  A spectral weapon (Spider:2)
742 creatures vanquished.

Vanquished Creatures (collateral kills)
  2 hydras (Swamp:4)
  An orb spider (Spider:4)
  A swamp dragon (Swamp:4)
  A redback (Spider:4)
5 creatures vanquished.

Vanquished Creatures (others)
  A vault guard (D:13)
  A jumping spider (Spider:4)
  A redback (Spider:4)
  A gnoll (D:8)
4 creatures vanquished.

Grand Total: 751 creatures vanquished

Notes
Turn   | Place    | Note
-------+----------+-------------------------------------------
     0 | D:1      | FinalFate the Minotaur Berserker began the quest for the
                  | Orb.
     0 | D:1      | Reached XP level 1. HP: 19/19 MP: 0/0
   312 | D:1      | Reached skill level 4 in Axes
   312 | D:1      | Reached XP level 2. HP: 24/27 MP: 1/1
   754 | D:2      | Reached XP level 3. HP: 33/33 MP: 2/2
   924 | D:2      | Identified the amulet of Grontol {*Slow +Blink Regen+
                  | Dex+3}
   959 | D:2      | Reached ** piety under Trog
  1733 | D:3      | Reached XP level 4. HP: 41/41 MP: 3/3
  1893 | D:3      | Found a basalt altar of Yredelemnul.
  1968 | D:3      | Reached skill level 5 in Axes
  2189 | D:3      | Reached *** piety under Trog
  2525 | D:4      | Found a sand-covered staircase.
  2533 | Ossuary  | Entered an ossuary
  2550 | Ossuary  | Reached XP level 5. HP: 44/47 MP: 4/4
  2620 | Ossuary  | Reached skill level 6 in Axes
  2681 | Ossuary  | Reached XP level 6. HP: 55/55 MP: 5/5
  2755 | Ossuary  | Reached skill level 5 in Fighting
  2767 | Ossuary  | Reached skill level 7 in Axes
  2771 | Ossuary  | Reached **** piety under Trog
  3321 | D:4      | Found a blossoming altar of Fedhas.
  3418 | D:4      | Reached XP level 7. HP: 57/61 MP: 6/6
  3429 | D:4      | Reached skill level 8 in Axes
  3527 | D:5      | Entered Level 5 of the Dungeon
  3541 | D:5      | Identified the ring of Trepidation {rPois rF+ rN+ Str-2
                  | Int+2}
  3543 | D:5      | Found a radiant altar of Vehumet.
  3566 | D:5      | Found a staircase to the Ecumenical Temple.
  3628 | D:5      | Reached skill level 5 in Armour
  3630 | D:5      | Found a broken altar of Ashenzari.
  3646 | D:5      | Found Jasti's Weapon Shop.
  3672 | D:5      | Found a shimmering blue altar of Sif Muna.
  3705 | D:5      | Reached XP level 8. HP: 69/70 MP: 7/7
  3770 | D:5      | Found Basewir's Antique Armour Shop.
  3779 | D:5      | Bought an embroidered cloak for 225 gold pieces
  3830 | D:5      | Identified the +0 cloak of the Chupacabra {rF+ Will- Int+3}
  4025 | D:5      | Reached skill level 9 in Axes
  4128 | D:5      | Found Ophij's Antique Weapon Shoppe.
  4335 | D:6      | Reached skill level 10 in Axes
  4647 | D:6      | Found a shadowy altar of Dithmenos.
  4717 | D:6      | Reached XP level 9. HP: 78/78 MP: 8/8
  4718 | D:6      | Reached skill level 11 in Axes
  5134 | D:7      | Reached ***** piety under Trog
  5141 | D:7      | Reached skill level 5 in Dodging
  5174 | D:7      | Found an ornate altar of the Wu Jian Council.
  5233 | D:7      | Noticed a manticore
  5236 | D:7      | Killed a manticore
  5237 | D:7      | Reached skill level 12 in Axes
  5758 | D:7      | Found a hazy altar of Hepliaklqana.
  5779 | D:8      | Noticed a two-headed ogre
  5788 | D:8      | Killed a two-headed ogre
  5792 | D:8      | Reached skill level 13 in Axes
  5805 | D:8      | Reached XP level 10. HP: 43/88 MP: 9/9
  5812 | D:8      | Noticed Maurice
  5820 | D:8      | Maurice stole an amulet of reflection
  5826 | D:8      | Killed Maurice
  5954 | D:8      | Found a flagged portal.
  5976 | Bailey   | Entered a bailey
  6092 | Bailey   | Noticed a two-headed ogre
  6133 | Bailey   | Killed a two-headed ogre
  6134 | Bailey   | Reached skill level 14 in Axes
  6281 | D:8      | Identified the +2 hand axe "Qosuwysinas" {flame, rC+} (Trog
                  | gifted it to you on level 8 of the Dungeon)
  6281 | D:8      | Received a gift from Trog
  6401 | D:8      | Found a stormy altar of Qazlal.
  6592 | D:9      | Found a staircase to the Lair.
  6614 | D:9      | Found a staircase to the Orcish Mines.
  6904 | D:9      | Noticed a two-headed ogre
  6911 | D:9      | Killed a two-headed ogre
  7049 | D:9      | Found a runed translucent gate.
  7050 | D:9      | Found a runed translucent gate.
  7051 | D:9      | Found a runed translucent gate.
  7054 | D:9      | Noticed crabbadon's ghost (journeyman OnSh)
  7178 | D:9      | Noticed a two-headed ogre
  7183 | D:9      | Reached skill level 15 in Axes
  7183 | D:9      | Reached XP level 11. HP: 87/97 MP: 10/10
  7189 | D:9      | Killed a two-headed ogre
  7433 | D:9      | Found a sacrificial altar of Ru.
  7438 | D:9      | Found a sparkling altar of Nemelex Xobeh.
  7440 | D:9      | Noticed a two-headed ogre
  7441 | D:9      | Found a glowing silver altar of Zin.
  7449 | D:9      | Killed a two-headed ogre
  7945 | D:9      | Killed crabbadon's ghost
  7982 | D:10     | Entered Level 10 of the Dungeon
  7982 | D:10     | Noticed an arcanist
  7987 | D:10     | Killed an arcanist
  8010 | D:10     | Noticed an arcanist
  8019 | D:10     | Killed an arcanist
  8020 | D:10     | Reached skill level 10 in Fighting
  8342 | D:10     | Noticed a two-headed ogre
  8348 | D:10     | Killed a two-headed ogre
  8349 | D:10     | Reached skill level 16 in Axes
  8394 | D:10     | Found a transporter.
  8422 | D:10     | Noticed a tengu warrior
  8430 | D:10     | Noticed Skimidon's ghost (novice AtCj)
  8431 | D:10     | Found a bloodstained altar of Trog.
  8432 | D:10     | Noticed a two-headed ogre
  8433 | D:10     | Noticed a two-headed ogre
  8438 | D:10     | Found a transporter.
  8593 | D:10     | Noticed an arcanist
  8595 | D:10     | Found the +3 warlock's mirror {omnireflect}
  8597 | D:10     | Noticed an arcanist
  8598 | D:10     | Killed an arcanist
  8605 | D:10     | Killed an arcanist
  8606 | D:10     | Reached skill level 10 in Armour
  8647 | D:10     | Noticed an arcanist
  8648 | D:10     | Noticed an arcanist
  8650 | D:10     | Noticed an arcanist
  8654 | D:10     | Killed an arcanist
  8659 | D:10     | Killed an arcanist
  8664 | D:10     | Killed an arcanist
  8718 | D:10     | Identified the +5 ring mail of Makeff {rElec Str-5 Int+2
                  | Dex+8}
  9002 | D:10     | Killed a tengu warrior
  9007 | D:10     | Reached XP level 12. HP: 51/108 MP: 11/11
  9017 | D:10     | Killed Skimidon's ghost
  9054 | D:10     | Killed a two-headed ogre
  9055 | D:10     | Reached skill level 17 in Axes
  9057 | D:10     | Killed a two-headed ogre
  9128 | D:11     | Noticed a death knight
  9142 | D:11     | Killed a death knight
  9152 | D:11     | Received a gift from Trog
  9195 | D:11     | Found a gate leading to a gauntlet.
  9419 | D:11     | Reached skill level 18 in Axes
  9510 | Gauntlet | Entered a Gauntlet
  9510 | Gauntlet | Noticed a green death
  9510 | Gauntlet | Found a transporter.
  9510 | Gauntlet | Found a transporter.
  9510 | Gauntlet | Found a transporter.
  9514 | Gauntlet | Found a transporter.
  9516 | Gauntlet | Found a transporter.
  9524 | Gauntlet | Found a transporter.
  9539 | Gauntlet | Found a transporter.
  9546 | Gauntlet | Found a transporter.
  9564 | Gauntlet | Found a transporter.
  9572 | Gauntlet | Found a transporter.
  9590 | Gauntlet | Found a transporter.
  9642 | Gauntlet | Found a transporter.
  9876 | Gauntlet | Identified the +2 cloak of Lightning Storm {-Cast rElec
                  | rCorr Dex+5}
  9894 | Gauntlet | Identified a scroll of acquirement
  9894 | Gauntlet | Acquired the +15 Maxwell's patent armour {-Cast -Tele rElec
                  | Will+ rCorr}
  9894 | Gauntlet | Found the +15 Maxwell's patent armour {-Cast -Tele rElec
                  | Will+ rCorr}
  9923 | Gauntlet | Noticed a minotaur
  9935 | Gauntlet | Killed a minotaur
  9949 | Gauntlet | Identified the +0 leather armour of the Pits of Slime
                  | {Will++}
  9982 | Gauntlet | Identified the +2 flail of Otojer {speed, rF+ Dex+7}
 10454 | D:11     | Reached XP level 13. HP: 96/119 MP: 12/12
 10580 | D:12     | Noticed Kirke
 10584 | D:12     | Received a gift from Trog
 10590 | D:12     | Reached skill level 19 in Axes
 10600 | D:12     | Killed Kirke
 10727 | D:12     | Reached ****** piety under Trog
 10872 | D:12     | Noticed Azrael
 10882 | D:12     | Killed Azrael
 11035 | D:12     | Noticed Erolcha
 11043 | D:12     | Killed Erolcha
 11050 | D:12     | Noticed Jorgrun
 11061 | D:12     | Killed Jorgrun
 11334 | D:13     | Reached skill level 20 in Axes
 11698 | D:13     | Found a gateway to a bazaar.
 11718 | Bazaar   | Entered a bazaar
 11718 | Bazaar   | Found Nualymoo's Book Emporium.
 11718 | Bazaar   | Found Woc Jumn's Antique Armour Shoppe.
 11718 | Bazaar   | Found Faiclakh's Antique Armour Shoppe.
 11718 | Bazaar   | Found Emueb's Armour Emporium.
 11718 | Bazaar   | Found Ilapouda's Armour Emporium.
 11718 | Bazaar   | Found Wazxoom's Weapon Shoppe.
 11754 | Bazaar   | Bought a pair of gloves for 90 gold pieces
 11830 | D:13     | Found a gate to the Vaults.
 12066 | Lair:1   | Entered Level 1 of the Lair of Beasts
 12069 | Lair:1   | Reached XP level 14. HP: 130/130 MP: 13/13
 12125 | Lair:1   | Received a gift from Trog
 12418 | Lair:1   | Found a dark tunnel.
 12932 | Lair:2   | Found a hole to the Spider Nest.
 13206 | Lair:2   | Found a sparkling altar of Nemelex Xobeh.
 13428 | Lair:2   | Found a staircase to the Swamp.
 13580 | Spider:1 | Entered Level 1 of the Spider Nest
 13612 | Spider:1 | Reached skill level 10 in Dodging
 13674 | Spider:1 | Noticed a broodmother
 13683 | Spider:1 | Killed a broodmother
 13795 | Spider:1 | Noticed a broodmother
 13805 | Spider:1 | Killed a broodmother
 13806 | Spider:1 | Reached skill level 15 in Fighting
 13882 | Spider:1 | Found a transporter.
 13890 | Spider:1 | Found a transporter.
 13893 | Spider:1 | Noticed MacCMillion's ghost (adept DjAl)
 14137 | Spider:1 | Killed MacCMillion's ghost
 14138 | Spider:1 | Killed a ghost moth
 14140 | Spider:1 | Killed a ghost moth
 14281 | Spider:2 | Noticed an emperor scorpion
 14286 | Spider:2 | Reached skill level 21 in Axes
 14303 | Spider:2 | Killed an emperor scorpion
 14398 | Spider:2 | Reached XP level 15. HP: 144/144 MP: 14/14
 14398 | Spider:2 | Noticed Agnes
 14408 | Spider:2 | Killed Agnes
 14660 | Spider:2 | Noticed Asterion
 14668 | Spider:2 | Killed Asterion
 14860 | Spider:2 | Reached skill level 15 in Armour
 15066 | Spider:2 | Received a gift from Trog
 15385 | Spider:3 | Identified the granite talisman "Ycrucwasi" {Fly rCorr
                  | Str+2 Dex+3}
 15385 | Spider:3 | Noticed Roxanne
 15407 | Spider:3 | Killed Roxanne
 15974 | Spider:4 | Entered Level 4 of the Spider Nest
 16023 | Spider:4 | Received a gift from Trog
 16329 | Spider:4 | Noticed an emperor scorpion
 16337 | Spider:4 | Killed an emperor scorpion
 16481 | Spider:4 | Reached XP level 16. HP: 157/157 MP: 15/15
 16525 | Spider:4 | Noticed Arachne
 16563 | Spider:4 | Killed Arachne
 16564 | Spider:4 | Reached skill level 22 in Axes
 16888 | Spider:4 | Received a gift from Trog
 17056 | Spider:4 | Found the +3 pair of seven-league boots {Rampage+∞}
 17170 | Spider:4 | Got a gossamer rune of Zot
 17365 | Swamp:1  | Entered Level 1 of the Swamp
 17745 | Swamp:1  | Identified the +0 scale mail of Qazlal's Inspiration {rPois
                  | rN+ Will+ MP-9}
 18064 | Swamp:2  | You fall into a shaft and drop 1 floor!
 18083 | Swamp:3  | Noticed a thorn hunter
 18090 | Swamp:3  | Killed a thorn hunter
 18523 | Swamp:4  | Entered Level 4 of the Swamp
 18672 | Swamp:4  | Received a gift from Trog
 18706 | Swamp:4  | HP: 8/161 [poison (poison gas)]
 18707 | Swamp:4  | HP: 1/161 [poison (poison gas)]
 18708 | Swamp:4  | Succumbed to poison (poison gas)

Illustrated notes

Levels and vault maps discovered:
D:1:      zaba_arrival_water, layout_loops_ring
D:2:      layout_basic, grunt_decor_cap
D:3:      cheibrodos_greedy_goblins, layout_basic,
          nicolae_overflow_crystal_walls, kennysheep_generic_room_16
D:4:      layout_basic, fedhas_altar_decomposition, chequers_ossuary_entry_cave
D:5:      layout_basic, mainiacjoe_overflow_24_doors,
          mainiacjoe_overflow_brackets, lemuel_doored_altar,
          minmay_temple_entry_slanted, serial_shops, shop, nicolae_shop_crystal,
          nicolae_shop_tiny_glass, supply_closet_lemuel, dreamdust_gnoll_farm
D:6:      layout_loops_ring, mainiacjoe_overflow_tiny_flanked
D:7:      layout_loops_cross, mainiacjoe_overflow_big_doors, st_stairs_10
D:8:      layout_cave_pools, mainiacjoe_overflow_alcove_2, enter_bailey_3,
          uniq_maurice
D:9:      layout_roguey, minmay_overflow_temple_star_quad, lair_entry_dummy,
          orc_0_dummy, ebering_ghost_rock_garden, serial_rivers,
          chequers_serial_rivers_micro_c, chequers_serial_rivers_micro_a,
          chequers_serial_rivers_room_a, chequers_serial_rivers_marsh,
          lemuel_flamethrower_1
D:10:     minmay_smoke_and_mirrors, layout_stronghold,
          gammafunk_ghost_wrathful_warriors, nicolae_figureground_sparkle
D:11:     cheibrodos_lost_city_excavation, layout_basic, gauntlet_entry_generic
D:12:     minmay_bloctagon_deflated, layout_basic, nicolae_zig_zag_zippers,
          uniq_jorgrun, uniq_kirke, uniq_erolcha, uniq_azrael
D:13:     layout_roguey, ximxim_vaults_locker_room, serial_shops, bzr_entry_gold
Lair:1:   layout_roguey, nicolae_volcano_entry_two_sided, minivault_23,
          grunt_megastairs_3, infiniplex_staircase_pool_2
Lair:2:   layout_misc_corridors, nicolae_swamp_entry_splash_gauntlet,
          hellmonk_spider_entry_not_the_bees, basic_altar, minivault_24,
          roderic_carrion_pond, wad_woods_road_03
Swamp:1:  layout_falls_marsh, hangedman_swamp_lotus, nicolae_swamp_tree_isthmus
Swamp:2:  layout_basic_swamp, serial_swamp_ruin, evilmike_swamp_ruin_house_5,
          evilmike_swamp_ruin_house_1, swamp_pool_5,
          nicolae_swamp_decorative_isthmus
Swamp:3:  layout_basic_swamp, evilmike_swamp_ruin_house_4, swamp_pool_1_2
Swamp:4:  swamp_basic_johnstein, layout_basic_swamp
Spider:1: layout_spider_delve, gammafunk_ghost_arena
Spider:2: layout_cave_pods, nicolae_spider_some_kinda_spiderbox, uniq_agnes,
          uniq_asterion
Spider:3: layout_spider_delve, uniq_roxanne
Spider:4: spider_rune_water, uniq_arachne

Skill      XL: |  1  2  3  4  5  6  7  8  9 10 11 12 13 14 15 16 |
---------------+-------------------------------------------------+-----
Axes           | 4 5 6 7 8 10 13 15 16 18 20 21 22 | 22.8
Fighting       | 4 5 6 8 9 10 12 13 16 18 19 | 19.6
Armour         | 3 4 5 6 7 9 10 11 13 14 15 16 | 16.5
Dodging        | 3 4 5 6 7 8 9 10 11 12 | 12.4

Action                     |  1- 3 |  4- 6 |  7- 9 | 10-12 | 13-15 | 16-18 || total
---------------------------+-------+-------+-------+-------+-------+-------++-------
  Melee: Hand axe          |    81 |   204 |       |       |       |       ||   285
         Headbutt          |    10 |    41 |    18 |    60 |   163 |    56 ||   348
         Punch             |     2 |     4 |     2 |     5 |       |       ||    13
         War axe           |       |    36 |    73 |       |       |       ||   109
         Battleaxe         |       |       |    84 |   117 |   595 |       ||   796
         Broad axe         |       |       |       |   167 |       |       ||   167
         Executioner's axe |       |       |       |       |    27 |   242 ||   269
 Invoke: Berserk           |       |     1 |       |     2 |     2 |     2 ||     7
         Brothers in Arms  |       |       |       |       |       |     3 ||     3
         Trog's Hand       |       |       |       |       |       |     2 ||     2
  Evoke: Wand              |       |       |       |     7 |       |       ||     7
    Use: Scroll            |       |     4 |     3 |    16 |     5 |     2 ||    30
         Potion            |       |       |       |     9 |       |    20 ||    29
   Stab: Distracted        |       |       |       |       |       |     1 ||     1
 Armour: Animal skin       |     4 |       |       |       |       |       ||     4
         Ring mail         |    22 |       |       |       |       |       ||    22
         Plate armour      |    11 |   158 |   142 |   127 |   617 |   435 ||  1490
         Ice dragon scales |       |       |       |   171 |       |       ||   171
         Leather armour    |       |       |       |     5 |       |       ||     5
  Dodge: Dodged            |    44 |    68 |    78 |   199 |   400 |   283 ||  1072
